Map: Ruins of Seras

Players

ShoWTimE - Winner!

  • Race: Protoss Protoss
  • League: Master

MarineLorD

  • Race: Terran Terran
  • League: Master

Event: DreamHack ZOWIE Open Leipzig

VOD

https://www.youtube.com/watch?v=P1X0lVJzg24

Description

Time

  • Played on: Jan. 22, 2016, 11:48 a.m.
  • Length: 7:20

All games in this series

Show
View Real Time Build Order
Export as new Build Order

ShoWTimE Protoss - Winner!

Build Orders: 1 Gate Expand, Blink Stalkers 

Get SALT Encoding   

  12  0:01  Probe (Chrono Boost)  
  13  0:11  Probe (Chrono Boost)  
  14  0:18  Pylon  
  14  0:22  Probe (Chrono Boost)  
  15  0:36  Probe (Chrono Boost), Gateway  
  15  0:42  Assimilator  
  16  0:46  Probe (Chrono Boost)  
  17  0:57  Probe (Chrono Boost)  
  18  1:08  Probe (Chrono Boost)  
  19  1:23  Nexus  
  19  1:33  Cybernetics Core  
  19  1:37  Probe (Chrono Boost)  
  20  1:43  Assimilator  
  20  1:47  Probe (Chrono Boost)  
  21  1:55  Pylon  
  21  1:58  Probe (Chrono Boost)  
  23  2:08  Probe (Chrono Boost)  
  23  2:10  Warp Gate  
  23  2:14  Adept (Chrono Boost)  
  25  2:21  Probe  
  26  2:28  Twilight Council  
  26  2:34  Mothership Core (Chrono Boost), Probe (Chrono Boost)  
  29  2:41  Adept  
  31  2:46  Probe (Chrono Boost)  
  31  2:51  Pylon  
  32  2:54  Probe (Chrono Boost)  
  32  2:57  Probe (Chrono Boost)  
  34  3:05  Probe (Chrono Boost)  
  35  3:08  Probe (Chrono Boost), Blink (Chrono Boost)  
  36  3:16  Probe  
  36  3:18  Probe  
  37  3:21  Stalker  
  40  3:28  Probe  
  40  3:33  Gateway  
  41  3:38  Probe  
  41  3:39  Gateway  
  41  3:42  Probe  
  42  3:52  Pylon  
  42  3:54  Stalker  
  44  3:56  Probe  
  44  3:57  Probe  
  46  4:04  Pylon  
  46  4:06  Probe  
  46  4:09  Probe  
  46  4:17  Probe  
  46  4:21  Pylon  
  47  4:30  Robotics Facility  
  47  4:31  Probe  
  47  4:32  Stalker x2  
  47  4:34  Probe  
  47  4:35  Stalker  
  55  4:43  Probe  
  55  4:45  Probe  
  56  4:46  Resonating Glaives (Chrono Boost)  
  56  4:47  Pylon  
  57  4:55  Probe  
  58  5:00  Nexus  
  58  5:05  Stalker  
  61  5:09  Stalker  
  61  5:12  Stalker  
  64  5:16  Pylon  
  65  5:21  Observer (Chrono Boost)  
  63  5:35  Probe  
  62  5:37  Stalker x3  
  62  5:40  Warp Prism (Chrono Boost), Assimilator  
  62  5:41  Probe  
  69  5:44  Assimilator  
  69  5:47  Probe  
  70  5:53  Probe  
  70  5:56  Pylon  
  71  5:59  Probe  
  70  6:05  Probe  
  71  6:11  Probe  
  71  6:13  Immortal (Chrono Boost)  
  71  6:15  Stalker x3  
  71  6:17  Probe  
  83  6:25  Probe  
  83  6:26  Probe  
  83  6:29  Probe, Pylon  
  86  6:37  Gateway x2  
  86  6:40  Gateway  
  86  6:42  Probe x2  
  86  6:46  Probe  
  88  6:52  Adept x3  
  95  6:56  Pylon  
  95  6:59  Observer (Chrono Boost)  
  94  7:02  Probe  
  94  7:03  Probe  
  94  7:07  Pylon  
  96  7:10  Gateway  
  96  7:15  Adept x3  
Show
View Real Time Build Order
Export as new Build Order

MarineLorD Terran 

Build Orders: Cyclone Opening 

Get SALT Encoding   

  12  0:00  SCV  
  13  0:12  SCV  
  14  0:18  Supply Depot  
  14  0:24  SCV  
  15  0:28  Refinery  
  15  0:39  SCV  
  16  0:45  Barracks  
  16  0:51  SCV  
  17  0:57  Refinery  
  17  1:03  SCV  
  18  1:15  SCV  
  19  1:32  Reaper, Orbital Command  
  20  1:38  Factory  
  20  1:48  Supply Depot  
  20  1:58  SCV  
  21  2:04  Reaper  
  22  2:10  SCV  
  23  2:18  Supply Depot  
  23  2:21  Factory Tech Lab  
  23  2:22  SCV  
  24  2:34  SCV  
  26  2:39  Cyclone, Mag-Field Accelerator  
  26  2:44  Reaper  
  29  2:46  SCV  
  29  2:49  Supply Depot  
  31  2:58  SCV  
  31  3:10  SCV  
  31  3:11  Cyclone  
  35  3:21  Barracks Reactor  
  35  3:22  SCV  
  36  3:30  Command Center  
  36  3:34  SCV  
  37  3:46  SCV  
  37  3:49  Cyclone  
  40  3:57  Marine x2  
  40  3:59  SCV  
  40  4:02  Supply Depot  
  43  4:11  SCV  
  43  4:15  Marine x2  
  46  4:23  SCV  
  46  4:24  Supply Depot, Cyclone  
  50  4:33  Marine x2  
  50  4:36  SCV, Barracks  
  53  4:47  Orbital Command  
  53  4:49  SCV  
  54  4:53  Marine  
  54  4:55  Marine  
  54  4:59  Widow Mine  
  56  5:02  SCV  
  59  5:11  Marine  
  59  5:13  Marine  
  59  5:14  SCV  
  62  5:16  SCV  
  63  5:26  SCV  
  63  5:27  Marine  
  59  5:28  SCV  
  59  5:29  Marine  
  59  5:31  Marine  
  59  5:34  Siege Tank  
  53  5:38  SCV  
  53  5:40  SCV  
  54  5:48  Command Center, Marine x2  
  56  5:50  SCV  
  56  5:52  SCV  
  58  6:02  SCV, Marine  
  60  6:05  SCV  
  60  6:06  Marine  
  60  6:09  Marine  
  59  6:14  SCV  
  54  6:18  SCV  
  54  6:20  Marine  
  54  6:24  Marine  
  54  6:25  Command Center  
  55  6:26  SCV  
  55  6:28  Factory Reactor  
  55  6:29  Refinery  
  55  6:31  Engineering Bay  
  56  6:34  SCV  
  56  6:38  SCV, Marine  
  56  6:39  Barracks  
  57  6:41  Marine  
  57  6:46  SCV  
  59  6:47  Marine  
  59  6:50  SCV  
  61  6:56  Marine  
  61  6:58  SCV  
  63  7:02  Barracks  
  63  7:03  SCV, Barracks  
  63  7:07  Supply Depot  

Tags
 
Add a new tag
Caveats
  • Supply blocks, unpowered buildings, or Contaminate may cause inaccurate times.
  • Supply counts are checked every 10 seconds.